 Dungeon Crawl Stone Soup version 0.20.0-15-g7f486f2 (webtiles) character file.

587 Inarius the Digger (level 7, 0/36 HPs)
             Began as a Gargoyle Earth Elementalist on June 26, 2017.
             Was an Initiate of Hepliaklqana.
             Slain by a two-headed ogre
             ... wielding a +0 giant club
              (14 damage)
             ... on level 5 of the Dungeon.
             The game lasted 00:13:45 (4480 turns).

Inarius the Digger (Gargoyle Earth Elementalist)    Turns: 4480, Time: 00:13:46

Health: 0/36       AC: 10    Str: 11    XL:     7   Next: 38%
Magic:  0/12       EV: 11    Int: 18    God:    Hepliaklqana [......]
Gold:   217        SH:  0    Dex: 10    Spells: 7/13 levels left

rFire    . . .     SeeInvis .   o - staff of earth
rCold    . . .     Gourm    .   (no shield)
rNeg     + . .     Faith    .   n - +0 leather armour (curse)
rPois    ∞         Spirit   .   (no helmet)
rElec    +         Reflect  .   r - +1 cloak
rCorr    .         Harm     .   (no gloves)
MR       .....                  (no boots)
Stlth    +.........             (no amulet)
Regen    0.2/turn               x - ring of wizardry
MPRegen  0.2/turn               (no ring)

@: drained
A: reduced essence, negative energy resistance 1, electricity resistance,
unbreathing, petrification resistance, rot immunity, AC +4
a: Recall Ancestor, Ancestor Identity, Renounce Religion


You were on level 5 of the Dungeon.
You worshipped Hepliaklqana.
Hepliaklqana was noncommittal.
You were hungry.

You visited 2 branches of the dungeon, and saw 6 of its levels.

You collected 217 gold pieces.

Inventory:

Missiles
 b - 48 stones (quivered)
Armour
 c - a +0 robe
 n - a cursed +0 leather armour (worn)
 r - a +1 cloak (worn)
Magical Staves
 o - an uncursed staff of earth (weapon)
Jewellery
 x - a ring of wizardry (left hand)
Scrolls
 d - 2 scrolls of enchant armour
 g - 2 scrolls of remove curse {unknown}
 j - 3 scrolls of teleportation {unknown}
 l - 8 scrolls of identify {unknown}
 m - a scroll of recharging {unknown}
 s - 3 scrolls of amnesia {unknown}
 u - 4 scrolls of magic mapping {unknown}
Potions
 f - 2 potions of brilliance {unknown}
 h - a potion of flight {unknown}
 i - 3 potions of curing {unknown}
 k - a potion of cancellation {unknown}
 v - a potion of ambrosia {unknown}
 w - a potion of haste {unknown}
Books
 e - a book of Geomancy

   Spells                             Type                      Level
   a - Sandblast                      Earth                        1
   b - Passwall                       Transmutation/Earth          2
   c - Stone Arrow                    Conjuration/Earth            3
   d - Petrify                        Transmutation/Earth          4
   e - Lee's Rapid Deconstruction     Earth                        5
Comestibles
 a - 4 royal jellies
 q - 3 bread rations
 t - a meat ration
 z - 2 fruits


   Skills:
 * Level 2.7(2.3) Fighting
 - Level 2.1(1.8) Armour
 + Level 2.3(1.9) Dodging
 - Level 2.2(1.9) Stealth
 + Level 3.6(3.3) Spellcasting
 * Level 2.5(2.2) Conjurations
 * Level 1.2(0.9) Transmutations
 + Level 5.9(5.6) Earth Magic
 * Level 1.3(1.0) Evocations


You had 7 spell levels left.
You knew the following spells:

 Your Spells              Type           Power        Failure   Level  Hunger
a - Sandblast             Erth           ####..       1%          1    None
b - Stone Arrow           Conj/Erth      ####..       4%          3    ###....
c - Passwall              Tmut/Erth      ###.......   3%          2    ##.....


Dungeon Overview and Level Annotations

Branches:
Dungeon (5/15)             Temple (1/1) D:5

Altars:
Cheibriados
Dithmenos
Elyvilon
Fedhas
Hepliaklqana
Nemelex Xobeh
Qazlal
Ru
Uskayaw
Vehumet
Yredelemnul

Annotations:
D:4 Eustachio, Natasha, Robin


Innate Abilities, Weirdness & Mutations

You are resistant to torment.
Your stone body is resilient. (AC +4)
You are immune to poison.
You resist negative energy. (rN+)
You are resistant to electric shocks. (rElec)
You can survive without breathing.
You are immune to petrification.
You are immune to rotting.
Your life essence is reduced. (-10% HP)


Message History

Aim: a two-headed ogre, wielding two giant clubs (moderately wounded)
You feel a surge of power!
The stone arrow hits the two-headed ogre.
The two-headed ogre is heavily wounded.
You are feeling hungry. Æðelind barely misses the two-headed ogre.
All of the chunks of flesh in your inventory have rotted away.
Casting: Stone Arrow
Confirm with . or Enter, or press ? or * to list all spells.
Aiming: Stone Arrow
Press: ? - help, Shift-Dir - straight line, f/p - two-headed ogre
Aim: a two-headed ogre, wielding two giant clubs (heavily wounded)
You feel a surge of power!
Really fire in your ally Æðelind's direction?
The stone arrow hits the two-headed ogre.
The two-headed ogre is almost dead.
The two-headed ogre hits you with a giant club!!
Ouch! That really hurt!
The two-headed ogre hits you with a giant club!
You die...

# .#. ... # #.. ... # #.#
#.# # #.# #.#
####.######### #.# #
.............# #.####.###
........####.####.#...(...
.###.##.####.........#.#.
.# #.##.........@OR....>.#
.# .#.#####.########>#.#.#
.#.# #......# #...# .##
#.####### #.> .# ...# .#
..# .# .. .# .##


You could see the friendly Æðelind the ancestor and a two-headed ogre.

Vanquished Creatures
  A black bear (D:3)
  2 howler monkeys (D:4)
  4 orc priests
  3 orc wizards (D:4)
  An iguana (D:4)
  A worker ant (D:5)
  5 adders
  A shadow imp (D:5)
  An ooze (D:2)
  3 worms
  2 dart slugs
  5 leopard geckos
  8 orcs
  6 ball pythons
  5 giant cockroaches
  5 hobgoblins
  7 jackals
  6 kobolds
  A quokka (D:4)
  6 bats
  6 frilled lizards
  16 goblins
  7 rats
102 creatures vanquished.

Notes
Turn   | Place    | Note
-------+----------+-------------------------------------------
     0 | D:1      | Inarius the Gargoyle Earth Elementalist began the quest for the Orb.
     0 | D:1      | Reached XP level 1. HP: 10/10 MP: 3/3
   134 | D:1      | Reached XP level 2. HP: 16/16 MP: 5/5
   300 | D:1      | Reached skill level 4 in Earth Magic
  1046 | D:2      | Reached skill level 1 in Fighting
  1046 | D:2      | Reached XP level 3. HP: 20/20 MP: 6/6
  1051 | D:2      | Learned a level 3 spell: Stone Arrow
  1256 | D:2      | Reached XP level 4. HP: 25/25 MP: 7/7
  1276 | D:2      | Learned a level 2 spell: Passwall
  1336 | D:2      | Found a sacrificial altar of Ru.
  1505 | D:2      | Reached skill level 1 in Armour
  2084 | D:3      | Reached skill level 1 in Conjurations
  2084 | D:3      | Reached skill level 5 in Earth Magic
  2084 | D:3      | Reached XP level 5. HP: 30/30 MP: 0/8
  2381 | D:3      | Noticed a black bear
  2701 | D:3      | Killed a black bear
  2701 | D:3      | Reached XP level 6. HP: 28/35 MP: 0/10
  2954 | D:3      | Found a blossoming altar of Fedhas.
  2954 | D:3      | Found a hide-covered altar of Uskayaw.
  3231 | D:4      | Noticed Eustachio
  3706 | D:4      | Reached skill level 1 in Evocations
  3712 | D:4      | Reached skill level 1 in Transmutations
  3713 | D:4      | Reached XP level 7. HP: 39/40 MP: 4/12
  3964 | D:4      | Noticed Robin
  3965 | D:4      | Noticed Natasha
  4108 | D:5      | Entered Level 5 of the Dungeon
  4337 | D:5      | Found a staircase to the Ecumenical Temple.
  4346 | Temple   | Entered the Ecumenical Temple
  4374 | Temple   | Became a worshipper of Hepliaklqana the Forgotten
  4473 | D:5      | Noticed a two-headed ogre
  4480 | D:5      | Slain by a two-headed ogre

Skill      XL: |  1  2  3  4  5  6 |
---------------+-------------------+-----
Earth Magic    | 4 5 |  5.9
Fighting       | 1 2 |  2.7
Dodging        | 2 |  2.3
Armour         | 1 2 |  2.1
Conjurations   | 1 2 |  2.5
Spellcasting   | 3 |  3.6
Evocations     | 1 |  1.3
Transmutations | 1 |  1.2
Stealth        | |  2.2

Action                   |  1- 3 |  4- 6 |  7- 9 || total
-------------------------+-------+-------+-------++-------
Melee: Dagger            |   106 |    13 |       ||   119
       Unarmed           |     2 |       |       ||     2
       Staff             |       |    89 |    38 ||   127
 Cast: Sandblast         |     6 |    44 |    17 ||    67
       Stone Arrow       |       |     5 |     4 ||     9
  Use: Scroll            |       |       |     1 ||     1
 Stab: Sleeping          |     6 |     3 |       ||     9
  Eat: Bread ration      |     1 |       |       ||     1
       Chunk             |     1 |    10 |     2 ||    13
Armor: Robe              |    25 |     3 |       ||    28
       Leather armour    |       |    35 |    27 ||    62
Dodge: Dodged            |    62 |    96 |    46 ||   204
